 Dungeon Crawl Stone Soup version 0.31-a0-818-ge7c7cf74f0 (webtiles) character file.

Game seed: 11264434618936175387

1932 Kurtz the Cleaver (level 9, -6/56 HPs)
             Began as an Octopode Fighter on Sept 22, 2023.
             Was an Initiate of Gozag.
             Killed from afar by Pikel (18 damage)
             ... with a bolt of dispelling energy
             ... on level 5 of the Dungeon.
             The game lasted 00:10:54 (7142 turns).

Kurtz the Cleaver (Octopode Fighter)                Turns: 7142, Time: 00:10:56

Health: -6/56      AC:  1    Str: 12 (15) XL:     9   Next: 17%
Magic:  11/11      EV: 14    Int: 14 (17) God:    Gozag
Gold:   294        SH:  5    Dex: 14 (15) Spells: 7/11 levels left

rFire   . . .        d - +0 broad axe (elec)
rCold   . . .        b - +0 buckler
rNeg    . . .        (helmet restricted)
rPois   .            h - amulet of faith
rElec   .            r - ring of flight
rCorr   .            s - +6 ring of intelligence
SInv    .            (no ring)
Will    .....        (no ring)
Stlth   ++           (no ring)
HPRegen 0.29/turn    (no ring)
MPRegen 0.12/turn    (no ring)
                     (no ring)

%: faith
@: flying
A: almost no armour, amphibious, 8 rings, camouflage 1, gelatinous body 1,
(nimble swimmer 1), tentacles
a: Renounce Religion, Potion Petition, Call Merchant, Bribe Branch


You were on level 5 of the Dungeon.
You worshipped Gozag.
Gozag was aware of your devotion.
You visited 1 branch of the dungeon, and saw 6 of its levels.
You also visited: Sewer.

You collected 918 gold pieces.
You spent 182 gold pieces at shops.
You paid 442 gold pieces to Gozag.

Inventory:

Hand Weapons
 a - a +0 war axe
 d - a +0 broad axe of electrocution (weapon)
 o - a +3 mace
Missiles
 v - 6 poisoned darts
Armour
 b - a +0 buckler (worn)
Jewellery
 h - an amulet of faith (around mantle)
 r - a ring of flight (left tentacle)
 s - a +6 ring of intelligence (right tentacle)
 t - a ring of wizardry
Scrolls
 e - 3 scrolls of revelation {unknown}
 f - a scroll of fog {unknown}
 g - 2 scrolls of identify {unknown}
 i - a scroll of blinking {unknown}
 j - 4 scrolls of teleportation {unknown}
 l - a scroll of vulnerability {unknown}
 p - 2 scrolls of fear {unknown}
 q - a scroll of butterflies {unknown}
 u - a scroll of immolation {unknown}
 w - a scroll of brand weapon {unknown}
 x - a scroll of acquirement {unknown}
 y - a scroll of enchant weapon {unknown}
Potions
 c - 2 potions of ambrosia
 k - a potion of invisibility
 m - a potion of degeneration
 n - a potion of enlightenment


   Skills:
 - Level 3.0 Fighting
 * Level 10.9 Axes
 - Level 4.7 Dodging
 - Level 3.0 Shields
 - Level 1.5 Spellcasting
 - Level 1.9 Poison Magic


You had 7 spell levels left.
You knew the following spells:

 Your Spells              Type           Power      Damage    Failure   Level
a - Olgreb's Toxic Radia  Pois           6%         N/A       83%         4

Your spell library contained the following spells:

 Spells                   Type           Power      Damage    Failure   Level
 Sting                    Tmut/Pois      12%        1d3       22%         1
 Poisonous Vapours        Pois/Air       6%         N/A       34%         2


Dungeon Overview and Level Annotations

Branches:
Dungeon (6/15)             Temple (0/1) D:4           Sewer (visited)

Altars:
Cheibriados
Dithmenos
Elyvilon
Fedhas
Gozag
Qazlal
Sif Muna
Uskayaw

Shops:
D:1 (

Annotations:
D:5 Pikel


Innate Abilities, Weirdness & Mutations

You cannot wear most types of armour.
You are amphibious.
You can wear up to eight rings at the same time.
Your skin changes colour to match your surroundings (Stealth+).
Your rubbery body absorbs attacks. (AC +1, EV +1)
((You are camouflaged when in or above water. (Stealth+)))
You have tentacles for arms and can constrict up to eight enemies at once.


Message History

You constrict the lemure, but do no damage.
The lemure hits you.
You slash the lemure!
The lemure is severely wounded.
You constrict the lemure. The lemure barely misses you.
You hit the lemure but do no damage. You squeeze the lemure.
The lemure is almost dead.
You constrict the lemure.
You kill the lemure!
That felt strangely unrewarding.
No target in view!
HP restored.
Pikel is nearby!
Pikel is nearby!
Pikel shouts!
Pikel zaps a wand.
The bolt of dispelling energy hits you!
Pikel hits you with a +1 whip of flaming.
Pikel burns you.
You closely miss Pikel. Your grab misses Pikel.
Pikel hits you with a +1 whip of flaming.
Pikel burns you.
You hit Pikel but do no damage. Lightning courses through Pikel!
You grab Pikel.
Pikel is heavily wounded.
You constrict Pikel.
Pikel zaps a wand.
The bolt of dispelling energy hits you!
* * * LOW HITPOINT WARNING * * *
Pikel zaps a wand.
The bolt of dispelling energy misses you.
Okay, then.
You slash Pikel!
Pikel is severely wounded.
You constrict Pikel, but do no damage. Pikel closely misses you.
You hit Pikel but do no damage. Lightning courses through Pikel!
You squeeze Pikel, but do no damage.
Pikel is almost dead.
You constrict Pikel.
Pikel zaps a wand.
The bolt of dispelling energy hits you!!
You die...
Pikel says, "Another soul for the market."
Your body crumbles into a pile of gold.

#######.........#
###########.........#
....................#
###########.........#
#.........#
#.........#
#########.#
########.# #....@K#.#
#.####.#.#
############.# #.#.#
.............# #.#.#
.################.#.#
.# #.......K..5..#.#
.# #.#############.#
.# #.#############.#
## #...............#


You could see Pikel.

Vanquished Creatures
  Sigmund (D:4)
  Menkaure (D:5)
  3 water moccasins
  An ice beast (D:6)
  2 black bears
  3 lemures (D:5)
  A phantom (D:5)
  A bullfrog (D:4)
  3 scorpions
  4 hounds
  2 orc priests (D:3)
  A gnoll bouda (D:5)
  A sleepcap (D:4)
  Natasha (D:2)
  Terence (D:2)
  3 iguanas
  2 orc wizards
  A mummy (D:4)
  Robin (D:4)
  7 gnolls
  12 adders
  A shadow imp (D:5)
  An ufetubus (D:4)
  4 worms
  2 dart slugs
  9 orcs
  3 endoplasms
  8 giant cockroaches
  6 hobgoblins
  6 jackals
  5 ball pythons
  4 bats
  6 frilled lizards (D:4)
  19 goblins
  4 kobolds
  6 rats
136 creatures vanquished.

Notes
Turn   | Place    | Note
-------+----------+-------------------------------------------
     0 | D:1      | Kurtz the Octopode Fighter began the quest for the Orb.
     0 | D:1      | Reached XP level 1. HP: 16/16 MP: 1/1
   188 | D:1      | Found Fuskin's Antique Weapon Shoppe.
   231 | D:1      | Reached XP level 2. HP: 18/21 MP: 2/2
   333 | D:1      | Found a faded altar of an unknown god.
   611 | D:1      | Reached skill level 3 in Axes
   769 | D:2      | Reached XP level 3. HP: 17/26 MP: 3/3
   933 | D:2      | Reached skill level 4 in Axes
  1384 | D:2      | Noticed Terence
  1390 | D:2      | Killed Terence
  1391 | D:2      | Reached XP level 4. HP: 26/31 MP: 4/4
  1449 | D:2      | Noticed Natasha
  1588 | D:2      | Killed Natasha
  1668 | D:2      | Reached skill level 5 in Axes
  1838 | D:2      | Reached XP level 5. HP: 36/36 MP: 5/5
  1982 | D:3      | Found a glowing drain.
  1997 | Sewer    | Entered a sewer
  2054 | Sewer    | Noticed a water moccasin
  2063 | Sewer    | Killed a water moccasin
  2064 | Sewer    | Reached skill level 6 in Axes
  2064 | Sewer    | Reached XP level 6. HP: 30/42 MP: 6/6
  2560 | D:3      | Found an opulent altar of Gozag.
  2619 | D:3      | Found a shimmering blue altar of Sif Muna.
  2645 | D:3      | Became a worshipper of Gozag Ym Sagoz the Greedy
  2785 | D:4      | Noticed Robin
  2802 | D:4      | Reached skill level 7 in Axes
  2810 | D:4      | Killed Robin
  2811 | D:4      | Reached XP level 7. HP: 18/46 MP: 7/7
  2946 | D:4      | Found a staircase to the Ecumenical Temple.
  3056 | D:4      | Found a blossoming altar of Fedhas.
  3262 | D:4      | Reached skill level 8 in Axes
  3355 | D:4      | Found a snail-covered altar of Cheibriados.
  3601 | D:4      | Found a shadowy altar of Dithmenos.
  3629 | D:4      | Noticed Sigmund
  3641 | D:4      | Killed Sigmund
  3642 | D:4      | Reached skill level 9 in Axes
  3642 | D:4      | Reached XP level 8. HP: 52/52 MP: 8/8
  3765 | D:5      | Entered Level 5 of the Dungeon
  4204 | D:5      | Learned a level 4 spell: Olgreb's Toxic Radiance
  4305 | D:5      | Reached skill level 10 in Axes
  5062 | D:5      | Noticed Menkaure
  5069 | D:5      | Killed Menkaure
  5070 | D:5      | Reached skill level 1 in Poison Magic
  5305 | D:5      | Noticed Pikel
  5549 | D:5      | Reached skill level 1 in Spellcasting
  5669 | D:5      | HP: 2/52 [Pikel/+1 whip of flaming (4)]
  5892 | D:6      | Reached XP level 9. HP: 31/56 MP: 10/10
  5980 | D:6      | Noticed a +0 falchion
  5981 | D:6      | Noticed a +0 falchion
  5981 | D:6      | Noticed a +0 short sword
  5981 | D:6      | Noticed a +0 spear
  5981 | D:6      | Noticed a +0 spear
  5982 | D:6      | Noticed a +0 dagger
  5982 | D:6      | Noticed a +0 dagger
  5982 | D:6      | Noticed a +0 short sword
  6005 | D:6      | Found a hide-covered altar of Uskayaw.
  6102 | D:6      | Found a stormy altar of Qazlal.
  6577 | D:6      | Found a white marble altar of Elyvilon.
  6872 | D:1      | Bought a runed broad axe for 182 gold pieces
  7142 | D:5      | Killed from afar by Pikel

Illustrated notes

Levels and vault maps discovered:
D:1:      scummos_arrival_hexagon, layout_loops_ring, serial_shops,
          nicolae_shop_trees, shapermc_ecumenical_altar_venn
D:2:      layout_basic, uniq_terence, uniq_natasha
D:3:      layout_rooms, lemuel_blue_sif_altar, grunt_gozag_statues,
          gup_sewer_entry_glass, minmay_misc_feat_chi
D:4:      layout_loops_cross, lemuel_doored_altar, slow_altar_2,
          kennysheep_mini_moat, minmay_temple_entry_tees, minmay_lizard_king,
          uniq_sigmund, uniq_robin
D:5:      layout_basic, minivault_4, uniq_menkaure, uniq_pikel
D:6:      layout_loops_corners, elyvilon_altar_3, nicolae_uskayaw_en_pointe,
          nicolae_qazlal_eye_of_the_storm, makhleb_blood_cavern_becter,
          serial_aquarium, aquarium_bridge_island_small
          [aquarium_subvault_small_water, aquarium_subvault_bridge,
          aquarium_subvault_wall, aquarium_subvault_window,
          aquarium_subvault_wall], aquarium_bridge_long_joined
          [aquarium_subvault_window, aquarium_subvault_bridge,
          aquarium_subvault_bridge, aquarium_subvault_balcony,
          aquarium_subvault_wall, aquarium_subvault_window],
          aquarium_window_corner, aquarium_window_2, aquarium_view_2c,
          aquarium_view_2d, aquarium_pool_2, uniq_eustachio

Skill      XL: |  1  2  3  4  5  6  7  8 |
---------------+-------------------------+-----
Axes           | 3 4 5 6 7 9 10 | 10.9
Dodging        | 4 |  4.7
Poison Magic   | 1 |  1.9
Spellcasting   | 1 |  1.5
Fighting       | |  3.0
Shields        | |  3.0

Action                     |  1- 3 |  4- 6 |  7- 9 || total
---------------------------+-------+-------+-------++-------
  Melee: War axe           |    50 |    21 |       ||    71
         Constrict         |    16 |    19 |    47 ||    82
         Tentacles         |    12 |    12 |    46 ||    70
         Mace              |       |    47 |   185 ||   232
         Punch             |       |       |     6 ||     6
         Broad axe         |       |       |    12 ||    12
  Throw: Dart              |       |       |     4 ||     4
 Invoke: Potion Petition   |       |       |     1 ||     1
    Use: Potion            |       |     1 |     5 ||     6
         Scroll            |       |     1 |       ||     1
   Stab: Sleeping          |     5 |     5 |     2 ||    12
 Armour: Skin              |    21 |    33 |   100 ||   154
  Dodge: Dodged            |    21 |    37 |   114 ||   172
  Block: Buckler           |    10 |    10 |    43 ||    63

Table legend: (Time is in decaauts)
 A = Elapsed time spent in this place.
 B = Non-inter-level travel time spent in this place.
 C = Inter-level travel time spent in this place.
 D = Time resting spent in this place.
 E = Time spent auto-exploring this place.
 F = Levels seen in this place.
 G = Mean time per level.
                   A        B        C        D        E       F      G
               +--------+--------+--------+--------+--------+-----+--------+
         Total |   7200 |   6745 |    455 |   1461 |   3946 |   7 | 1028.6 |
       Dungeon |   7041 |   6586 |    455 |   1461 |   3827 |   6 | 1173.5 |
         Sewer |    158 |    158 |      0 |      0 |    119 |   1 |  158.0 |
               +--------+--------+--------+--------+--------+-----+--------+

Top non-repeatable levels by time:
     D:5: 2038 daAuts
     D:4: 1318 daAuts
     D:2: 1115 daAuts
     D:1: 987 daAuts
     D:6: 936 daAuts
     D:3: 644 daAuts
   Sewer: 158 daAuts
